 Dungeon Crawl Stone Soup version 0.20-a0-204-ge9bc5e3 (webtiles) character file.

82 Faca the Shield-Bearer (level 4, -3/37 HPs)
             Began as a Formicid Fighter on Nov 24, 2016.
             Slain by Crazy Yiuf
             ... wielding a +3 quarterstaff of chaos
              (8 damage)
             ... on level 2 of the Dungeon.
             The game lasted 00:05:01 (1379 turns).

Faca the Shield-Bearer (Formicid Fighter)           Turns: 1379, Time: 00:05:02

Health: -3/37      AC:  7    Str: 21    XL:     4   Next: 70%
Magic:  4/4        EV:  8    Int:  7    God:
Gold:   97         SH:  9    Dex: 11    Spells: 3/3 levels left

rFire  x . .     SeeInvis +     a - +1 war axe
rCold  + . .     Gourm    .     b - +0 scale mail
rNeg   . . .     Faith    .     c - +0 shield
rPois  .         Spirit   .     (helmet unavailable)
rElec  .         Reflect  .     (no cloak)
rCorr  .         Harm     .     (no gloves)
MR     .....                    (no boots)
Stlth  ..........               (no amulet)
                                (no ring)
                                i - ring of ice

@: no status effects
A: permanent stasis, dig shafts and tunnels, four strong arms, antennae 3
a: Dig, Shaft Self


You were on level 2 of the Dungeon.
You were not hungry.

You visited 1 branch of the dungeon, and saw 2 of its levels.

You collected 97 gold pieces.

Inventory:

Hand Weapons
 a - a +1 war axe (weapon)
Armour
 b - a +0 scale mail (worn)
 c - a +0 shield (worn)
Jewellery
 i - a ring of ice (left hand)
Scrolls
 h - 2 scrolls of identify
Potions
 d - 6 potions of might
 e - 2 potions of curing
Comestibles
 f - a bread ration
 g - a beef jerky


   Skills:
 + Level 3.7 Fighting
 + Level 3.2 Axes
 + Level 3.7 Armour
 + Level 0.3 Dodging
 + Level 0.3 Stealth
 + Level 4.3 Shields


You had 3 spell levels left.
You didn't know any spells.

Dungeon Overview and Level Annotations

Branches:
Dungeon (2/15)

Altars:

Annotations:
D:2 Crazy Yiuf


Innate Abilities, Weirdness & Mutations

You cannot be hasted, slowed, berserked, paralysed or teleported.
You can dig through walls and to a lower floor.
Your four strong arms can wield two-handed weapons with a shield.
You have a pair of large antennae on your head. (SInv)


Message History

Crazy Yiuf drinks a potion.
Crazy Yiuf goes berserk!
There is an open door here.
Crazy Yiuf hits you with a quarterstaff of chaos.
You hit Crazy Yiuf.
Crazy Yiuf is lightly wounded.
You block Crazy Yiuf's attack.
Crazy Yiuf hits you with a quarterstaff of chaos!
Crazy Yiuf burns you!
You hit Crazy Yiuf.
Crazy Yiuf is lightly wounded.
Crazy Yiuf hits you with a quarterstaff of chaos!
* * * LOW HITPOINT WARNING * * *
Crazy Yiuf burns you.
* * * LOW HITPOINT WARNING * * *
You block Crazy Yiuf's attack.
You slash Crazy Yiuf!
Crazy Yiuf is moderately wounded.
You block Crazy Yiuf's attack.
Crazy Yiuf hits you with a quarterstaff of chaos!
You die...

########
##.#.##
######.###
.......#
##..# ###
######.#
#..# ## #.#
#### #. #.#
#. #.# #####
#. #.# #..)#
#. #(# #.g.#
#. #.# #.@.#
#. #.# ##'##
#. #.#####
♣♣.♣
#######.
#####.....#
♣.♣♣
#.......
#.........#
♣♣.♣
#####.######
#.###..####
♣.♣♣ #...#.#
##.###..#
♣♣.♣♣
###.#.#
#...##<.####
♣.PP♣♣ #.#.#
.....#.....#
♣P.PP♣ #.#.#


You could see Crazy Yiuf (berserk).

Vanquished Creatures
  Jessica (D:2)
  An adder (D:2)
  2 worms (D:2)
  A dart slug (D:1)
  A leopard gecko (D:1)
  A giant cockroach (D:2)
  5 goblins
  4 hobgoblins
  3 jackals (D:2)
  A quokka (D:2)
  6 bats
  4 frilled lizards
  8 kobolds
  4 rats
42 creatures vanquished.

Notes
Turn   | Place    | Note
-------+----------+-------------------------------------------
     0 | D:1      | Faca the Formicid Fighter began the quest for the Orb.
     0 | D:1      | Reached XP level 1. HP: 18/18 MP: 1/1
   136 | D:1      | Reached XP level 2. HP: 24/24 MP: 2/2
   457 | D:1      | Reached skill level 4 in Shields
   628 | D:2      | Reached XP level 3. HP: 27/29 MP: 3/3
   867 | D:2      | Noticed Jessica
   896 | D:2      | Killed Jessica
   896 | D:2      | Reached XP level 4. HP: 11/37 MP: 4/4
  1370 | D:2      | Found a runed door.
  1374 | D:2      | Noticed Crazy Yiuf
  1379 | D:2      | Slain by Crazy Yiuf

Vault maps used:
D:1:      minmay_arrival_split_and_join, minivault_26
D:2:      uniq_jessica, uniq_crazy_yiuf_cottage

Skill      XL: |  1  2  3 |
---------------+----------+-----
Shields        | 4 |  4.3
Axes           | 3 |  3.2
Fighting       | |  3.7
Armour         | |  3.7
Dodging        | |  0.3
Stealth        | |  0.3

Action                   |  1- 3 |  4- 6 || total
-------------------------+-------+-------++-------
Melee: War axe           |   127 |    32 ||   159
  Use: Scroll            |     7 |       ||     7
       Potion            |     2 |       ||     2
  Eat: Pizza             |       |     1 ||     1
Armor: Scale mail        |    53 |    13 ||    66
Dodge: Dodged            |    43 |     6 ||    49
Block: Shield            |    71 |    24 ||    95
